 Dungeon Crawl Stone Soup version 0.20.1-1-g8b1a95d (webtiles) character file.

130 Gremour the Slasher (level 4, -1/35 HPs)
             Began as a Demonspawn Fighter on Nov 28, 2017.
             Slain by Sigmund
             ... wielding a +0 scythe
              (9 damage)
             ... on level 3 of the Dungeon.
             The game lasted 00:09:53 (1953 turns).

Gremour the Slasher (Demonspawn Fighter)            Turns: 1953, Time: 00:09:54

Health: -1/35      AC:  6    Str: 17    XL:     4   Next: 89%
Magic:  0/4        EV:  7    Int:  9    God:
Gold:   130        SH:  8    Dex: 13    Spells: 3/3 levels left

rFire    . . .     SeeInvis .   a - +0 long sword
rCold    . . .     Gourm    .   c - +0 shield
rNeg     . . .     Faith    .   b - +0 scale mail
rPois    .         Spirit   +   (no helmet)
rElec    .         Reflect  .   (no cloak)
rCorr    .         Harm     .   (no gloves)
MR       .....                  (no boots)
Stlth    ..........             (no amulet)
Regen    0.2/turn               (no ring)
MPRegen  0.2/turn               (no ring)

@: about to teleport
A: magic shield, magic regeneration, sturdy frame 1
a: no special abilities


You were on level 3 of the Dungeon.
You were hungry.

You visited 1 branch of the dungeon, and saw 3 of its levels.

You collected 130 gold pieces.

Inventory:

Hand Weapons
 a - a +0 long sword (weapon)
Armour
 b - a +0 scale mail (worn)
 c - a +0 shield (worn)
Scrolls
 e - a scroll of recharging
 g - a scroll of identify
 j - a scroll of remove curse
Potions
 d - a potion of brilliance
Comestibles
 f - 2 bread rations


   Skills:
 - Level 3.0 Fighting
 + Level 4.6 Long Blades
 - Level 2.6 Armour
 - Level 2.6 Shields


You had 3 spell levels left.
You didn't know any spells.

Dungeon Overview and Level Annotations

Branches:
Dungeon (3/15)

Altars:
Dithmenos
Trog

Annotations:
D:3 Sigmund


Innate Abilities, Weirdness & Mutations

When hurt, damage is shared between your health and your magic reserves.
You regenerate magic rapidly.
Your movements are slightly less encumbered by armour. (ER -2)


Message History

Sigmund gestures wildly while chanting.
Sigmund flickers and vanishes!
Deactivating autopickup; reactivate with Ctrl-A.
It was a potion of cancellation.
Your magical effects are unravelling.
You feel magically purged.
You feel a little less mighty now.
You hear some strange, mumbled words.
Something tries to affect you, but you resist.
As you read the scroll of teleportation, it crumbles to dust.
You feel strangely unstable.
You hear some strange, mumbled words.
A magic dart appears from out of thin air!
The magic dart hits you!
* * * LOW HITPOINT WARNING * * *
Eat a chunk of flesh? (ye/n/q)
You eat the chunk of flesh.
This raw flesh tastes terrible.
You are feeling hungry.
Something hits you!
You die...

#........# #..#.......
#........# ##.##.#####
#........## #.##.#
#.........###.# #..#.#
..............# #.#.#
.#......@# #...# ..........#
##..#####
..........###########.......
.........K{@..........>.....
..........###########.>.....
##.##.....# ######## #.
####### # # # # # ### #<#


You could see a kobold.

Vanquished Creatures
  Natasha (twice) (D:2)
  2 adders (D:2)
  An ooze (D:3)
  A worm (D:2)
  A leopard gecko (D:2)
  5 bats
  3 giant cockroaches
  7 goblins
  8 hobgoblins
  8 jackals
  5 kobolds
  3 frilled lizards (D:2)
  2 rats (D:1)
48 creatures vanquished.

Notes
Turn   | Place    | Note
-------+----------+-------------------------------------------
     0 | D:1      | Gremour the Demonspawn Fighter began the quest for the Orb.
     0 | D:1      | Reached XP level 1. HP: 18/18 MP: 1/1
    17 | D:1      | Reached skill level 2 in Long Blades
    54 | D:1      | Gained mutation: When hurt, damage is shared between your health and your magic reserves. [demonic ancestry]
    54 | D:1      | Reached XP level 2. HP: 20/24 MP: 2/2
   352 | D:1      | Reached skill level 3 in Long Blades
   581 | D:2      | Gained mutation: You regenerate magic rapidly. [demonic ancestry]
   581 | D:2      | Reached XP level 3. HP: 23/29 MP: 3/3
   754 | D:2      | Noticed Natasha
   760 | D:2      | Killed Natasha
   760 | D:2      | Gained mutation: Your movements are slightly less encumbered by armour. (ER -2) [demonic ancestry]
   760 | D:2      | Reached XP level 4. HP: 8/35 MP: 2/4
  1006 | D:2      | Reached skill level 4 in Long Blades
  1007 | D:2      | Found a shadowy altar of Dithmenos.
  1078 | D:2      | Noticed Natasha
  1085 | D:2      | Killed Natasha
  1232 | D:2      | Found a bloodstained altar of Trog.
  1397 | D:2      | HP: 1/35 [poisoned by an adder]
  1936 | D:3      | Noticed Sigmund
  1953 | D:3      | Slain by Sigmund

Skill      XL: |  1  2  3  4 |
---------------+-------------+-----
Long Blades    | 2 3 4 |  4.6
Fighting       | |  3.0
Armour         | |  2.6
Shields        | |  2.6

Action                   |  1- 3 |  4- 6 || total
-------------------------+-------+-------++-------
Melee: Long sword        |   107 |    63 ||   170
  Use: Potion            |     2 |     3 ||     5
       Scroll            |       |     6 ||     6
  Eat: Chunk             |       |     3 ||     3
Armor: Scale mail        |    57 |    23 ||    80
Dodge: Dodged            |    36 |    14 ||    50
Block: Shield            |    72 |    24 ||    96
       Rpst.: Long sword |     7 |     6 ||    13
